 Dungeon Crawl Stone Soup version 0.28.0-43-g3370ac3207 (webtiles) character file.

Game seed: 3728701446300803082

265 Ablot the Grasshopper (level 6, -5/50 HPs)
             Began as a Gnoll Warper on Mar 29, 2022.
             Killed by nerve-wracking pain
             ... invoked by Grinder
              (9 damage)
             ... on level 4 of the Dungeon.
             The game lasted 00:07:02 (4995 turns).

Ablot the Grasshopper (Gnoll Warper)                Turns: 4995, Time: 00:07:03

Health: -5/50      AC:  4    Str: 13    XL:     6   Next: 20%
Magic:  14/14      EV: 13    Int: 12    God:
Gold:   121        SH:  0    Dex: 11    Spells: 13/15 levels left

rFire   + . .      SeeInvis .   a - +0 spear
rCold   + . .      Faith    .   (no shield)
rNeg    . . .      Spirit   .   b - +0 leather armour
rPois   .          Reflect  .   j - +0 helmet
rElec   .          Harm     .   r - scarf {rC+ rF+}
rCorr   .          Rampage  .   (no gloves)
Will    .....                   (no boots)
Stlth   ++........              (no amulet)
HPRegen 0.16/turn               (no ring)
MPRegen 0.14/turn               (no ring)

@: no status effects
A: fangs 1, strong nose, distributed training
a: no special abilities


You were on level 4 of the Dungeon.
You visited 1 branch of the dungeon, and saw 4 of its levels.

You collected 121 gold pieces.

Inventory:

Hand Weapons
 a - a +0 spear (weapon)
Missiles
 d - 5 boomerangs of dispersal (quivered)
 g - 122 stones
 k - 25 arrows
 s - 44 bolts
Armour
 b - a +0 leather armour (worn)
 e - a scarf of invisibility
 j - a +0 helmet (worn)
 r - a scarf of resistance (worn)
Scrolls
 c - a scroll of blinking
 f - 2 scrolls of fog {unknown}
 h - a scroll of torment {unknown}
 i - 3 scrolls of identify {unknown}
 l - a scroll of teleportation {unknown}
 o - 2 scrolls of amnesia {unknown}
Potions
 m - 2 potions of curing {unknown}
 n - a potion of mutation {unknown}
 p - a potion of berserk rage {unknown}
 q - a potion of magic {unknown}
 t - a potion of invisibility {unknown}


   Skills:
 + Level 4.9 Fighting
 + Level 1.8 Short Blades
 + Level 1.8 Long Blades
 + Level 1.8 Axes
 + Level 1.8 Maces & Flails
 + Level 4.9 Polearms
 + Level 1.8 Staves
 + Level 1.8 Slings
 + Level 1.8 Bows
 + Level 1.8 Crossbows
 + Level 3.2 Throwing
 + Level 3.2 Armour
 + Level 4.9 Dodging
 + Level 1.8 Stealth
 + Level 1.8 Shields
 + Level 1.8 Unarmed Combat
 + Level 5.3 Spellcasting
 + Level 1.4 Conjurations
 + Level 1.4 Hexes
 + Level 1.4 Summonings
 + Level 1.4 Necromancy
 + Level 5.6 Translocations
 + Level 1.4 Transmutations
 + Level 1.4 Fire Magic
 + Level 1.4 Ice Magic
 + Level 1.4 Air Magic
 + Level 1.4 Earth Magic
 + Level 1.4 Poison Magic
 + Level 2.0 Invocations
 + Level 1.8 Evocations


You had 13 spell levels left.
You knew the following spells:

 Your Spells              Type           Power      Damage    Failure   Level
a - Blink                 Tloc           32%        N/A       3%          2

Your spell library contained the following spells:

 Spells                   Type           Power      Damage    Failure   Level
 Gell's Gravitas          Tloc           16%        N/A       8%          3
 Lesser Beckoning         Tloc           16%        N/A       8%          3
 Teleport Other           Tloc           16%        N/A       8%          3
 Shock                    Conj/Air       24%        1d4       14%         1
 Ozocubu's Armour         Ice            6%         N/A       38%         3
 Swiftness                Air            6%         N/A       38%         3
 Manifold Assault         Tloc           16%        N/A       56%         5
 Airstrike                Air            3%         N/A       80%         4
 Ozocubu's Refrigeration  Ice            3%         4d5       100%        7


Dungeon Overview and Level Annotations

Branches:
Dungeon (4/15)
 Temple: D:4-7

Altars:
Uskayaw
Vehumet

Annotations:
D:4 Blork the orc, Grinder


Innate Abilities, Weirdness & Mutations

You have very sharp teeth.
Your uncanny sense of smell can sniff out nearby items.
Your experience applies equally to all skills.


Message History

Unknown command.
Throw: 2 darts (poison)
Press: ? - help, Q - select action, (/) - cycle Shift-Dir - straight line, f/p - Grinder
Aim: Grinder, carrying a wand of digging (3) (fast, 55% to hit)
You throw a poisoned dart.
The poisoned dart closely misses Grinder.
Grinder says, "Wait up."
Throw: dart (poison)
Press: ? - help, Q - select action, (/) - cycle Shift-Dir - straight line, f/p - Grinder
Aim: Grinder, carrying a wand of digging (3) (fast, 55% to hit)
You throw a poisoned dart. The poisoned dart hits Grinder.
Grinder hits you.
You writhe in agony.
Unknown command.
You hit Grinder.
Grinder is lightly wounded.
Grinder hits you!
You writhe in agony.
You barely miss Grinder. Your bite misses Grinder.
Grinder is lightly wounded.
Grinder hits you.
You writhe in agony.
You hit Grinder but do no damage. Your bite misses Grinder.
Grinder is lightly wounded.
Grinder hits you.
You hit Grinder but do no damage.
Grinder is lightly wounded.
Grinder hits you.
You writhe in agony.
Grinder hits you!
* * * LOW HITPOINT WARNING * * *
You writhe in agony.
* * * LOW HITPOINT WARNING * * *
You barely miss Grinder.
Grinder is lightly wounded.
Grinder rolls her eyes.
Grinder closely misses you.
Blork the orc comes into view.
He is wielding a +0 vorpal war axe.
Grinder blinks!
Grinder zaps a wand.
Some rock shatters into small pieces.
Things that are here:
a +0 giant club; an ogre corpse Grinder gestures at you.
Pain shoots through your body!
You die...

#..<......# ###...##
..........## #....###
........#..## #......####
.......###..####.........
......## #....##.######..
......# ##......# . ...
.....## #...#...## ......
#..... #...###...# ......
....### #.@.# ###......
...# ##..###.##......
#... ##..).#.#.....# ##.
#...........#
#...##.5....##
.......#......#
.###..........# #
##.........# ##..##....#


You could see Grinder (fast).

Vanquished Creatures
  An ogre (D:4)
  A howler monkey (D:4)
  Robin (D:2)
  6 adders
  A worm (D:3)
  2 dart slugs (D:2)
  5 ball pythons
  3 bats
  6 endoplasms
  A giant cockroach (D:1)
  13 goblins
  10 hobgoblins
  2 jackals (D:1)
  2 quokkas
  4 frilled lizards
  6 kobolds
  9 rats
73 creatures vanquished.

Notes
Turn   | Place    | Note
-------+----------+-------------------------------------------
     0 | D:1      | Ablot the Gnoll Warper began the quest for the Orb.
     0 | D:1      | Reached XP level 1. HP: 20/20 MP: 6/6
    41 | D:1      | Reached XP level 2. HP: 13/26 MP: 7/7
    46 | D:1      | Learned a level 2 spell: Blink
   844 | D:1      | Reached XP level 3. HP: 25/31 MP: 9/9
   929 | D:1      | Reached skill level 5 in Spellcasting
  1304 | D:2      | Reached skill level 1 in Invocations
  1462 | D:2      | Found a faded altar of an unknown god.
  1462 | D:2      | Found a radiant altar of Vehumet.
  1469 | D:2      | Reached skill level 1 in Short Blades
  1469 | D:2      | Reached skill level 1 in Long Blades
  1469 | D:2      | Reached skill level 1 in Axes
  1469 | D:2      | Reached skill level 1 in Maces & Flails
  1469 | D:2      | Reached skill level 1 in Staves
  1469 | D:2      | Reached skill level 1 in Slings
  1469 | D:2      | Reached skill level 1 in Bows
  1469 | D:2      | Reached skill level 1 in Crossbows
  1469 | D:2      | Reached skill level 1 in Stealth
  1469 | D:2      | Reached skill level 1 in Shields
  1469 | D:2      | Reached skill level 1 in Unarmed Combat
  1469 | D:2      | Reached skill level 1 in Evocations
  1657 | D:2      | Noticed Robin
  1671 | D:2      | Reached XP level 4. HP: 27/38 MP: 11/11
  2082 | D:2      | HP: 1/38 [adder (4)]
  2269 | D:2      | Reached skill level 1 in Conjurations
  2269 | D:2      | Reached skill level 1 in Hexes
  2269 | D:2      | Reached skill level 1 in Summonings
  2269 | D:2      | Reached skill level 1 in Necromancy
  2269 | D:2      | Reached skill level 1 in Transmutations
  2269 | D:2      | Reached skill level 1 in Fire Magic
  2269 | D:2      | Reached skill level 1 in Ice Magic
  2269 | D:2      | Reached skill level 1 in Air Magic
  2269 | D:2      | Reached skill level 1 in Earth Magic
  2269 | D:2      | Reached skill level 1 in Poison Magic
  2654 | D:2      | Found a hide-covered altar of Uskayaw.
  3270 | D:2      | Killed Robin
  3453 | D:3      | Reached XP level 5. HP: 39/43 MP: 12/12
  4951 | D:4      | Noticed an ogre
  4962 | D:4      | Killed an ogre
  4963 | D:4      | Reached XP level 6. HP: 50/50 MP: 14/14
  4974 | D:4      | Noticed Grinder
  4974 | D:4      | Paralysed by Grinder for 5 turns
  4986 | D:4      | Noticed Blork the orc
  4995 | D:4      | Killed from afar by Grinder

Illustrated notes

Levels and vault maps discovered:
D:1:      saegor_arrival_simple_c, layout_basic
D:2:      layout_basic, ebering_ecumenical_altar_webs, basic_altar,
          kennysheep_flooded_box, uniq_robin
D:3:      layout_loops_corners, minmay_fountain_box, skrybe_limestone_x
D:4:      layout_layer_cave, uniq_grinder, uniq_sigmund, uniq_blork_the_orc,
          uniq_ijyb

Skill      XL: |  1  2  3  4  5 |
---------------+----------------+-----
Spellcasting   | 5 |  5.3
Invocations    | 1 2 |  2.0
Short Blades   | 1 |  1.8
Long Blades    | 1 |  1.8
Axes           | 1 |  1.8
Maces & Flails | 1 |  1.8
Staves         | 1 |  1.8
Slings         | 1 |  1.8
Bows           | 1 |  1.8
Crossbows      | 1 |  1.8
Stealth        | 1 |  1.8
Shields        | 1 |  1.8
Unarmed Combat | 1 |  1.8
Evocations     | 1 |  1.8
Conjurations   | 1 |  1.4
Hexes          | 1 |  1.4
Summonings     | 1 |  1.4
Necromancy     | 1 |  1.4
Transmutations | 1 |  1.4
Fire Magic     | 1 |  1.4
Ice Magic      | 1 |  1.4
Air Magic      | 1 |  1.4
Earth Magic    | 1 |  1.4
Poison Magic   | 1 |  1.4
Throwing       | 3 |  3.2
Armour         | 3 |  3.2
Fighting       | |  4.9
Polearms       | |  4.9
Dodging        | |  4.9
Translocations | |  5.6

Action                   |  1- 3 |  4- 6 || total
-------------------------+-------+-------++-------
Melee: Spear             |   136 |   207 ||   343
       Bite              |    14 |    12 ||    26
       Punch             |     2 |     2 ||     4
Throw: Dart              |       |     6 ||     6
       Stone             |       |     3 ||     3
 Cast: Blink             |       |     2 ||     2
  Use: Potion            |       |     3 ||     3
 Stab: Sleeping          |     4 |     3 ||     7
       Distracted        |       |     1 ||     1
Armor: Leather armour    |    25 |    45 ||    70
Dodge: Dodged            |    78 |    80 ||   158
